 Dungeon Crawl Stone Soup version 0.17.1-2-g5865329 (webtiles) character file.

230 Moresty the Digger (level 6, -5/32 HPs)
             Began as a Gargoyle Earth Elementalist on Jan 11, 2016.
             Slain by an ogre
             ... wielding a +0 giant spiked club
              (20 damage)
             ... on level 4 of the Dungeon.
             The game lasted 00:30:00 (3635 turns).

Moresty the Digger (Gargoyle Earth Elementalist)    Turns: 3635, Time: 00:30:00

Health: -5/32      AC:  9    Str: 12    XL:     6   Next: 3%
Magic:  9/12       EV: 12    Int: 17    God:
Gold:   136        SH:  0    Dex: 10    Spells: 3 memorised, 7 levels left

rFire  x . .     SeeInvis .     o - +0 whip
rCold  + . .     Clarity  .     y - +1 robe {rN+}
rNeg   + + .     SustAt   .     (no shield)
rPois  ∞         Gourm    .     f - +2 hat
rElec  +         Spirit   .     (no cloak)
rCorr  .         Warding  .     (no gloves)
rMut   .         Stasis   .     (no boots)
MR     .....                    (no amulet)
Stlth  ++........               (no ring)
                                t - ring of ice

@: not resistant to hostile enchantments, unstealthy
A: negative energy resistance 1, electricity resistance, unbreathing,
petrification resistance, rot immunity, AC +4
a: no special abilities


You were on level 4 of the Dungeon.
You were not hungry.

You visited 1 branch of the dungeon, and saw 4 of its levels.

You collected 136 gold pieces.

Inventory:

Hand Weapons
 o - a +0 whip (weapon)
 s - a +0 dagger
Missiles
 b - 126 stones (quivered)
Armour
 a - a +0 robe
 f - a +2 hat (worn)
 x - a +0 chain mail
 y - a +1 robe of positive energy (worn)
Jewellery
 t - a ring of ice (left hand)
Wands
 g - a wand of fireball (2)
Scrolls
 i - 2 scrolls of identify {unknown}
 k - 3 scrolls of enchant armour {unknown}
 m - 2 scrolls of remove curse {unknown}
 p - 2 scrolls of magic mapping {unknown}
 u - a scroll of noise {unknown}
 v - a scroll of teleportation {unknown}
 z - a scroll of recharging {unknown}
 A - a scroll of enchant weapon {unknown}
Potions
 e - 2 potions of heal wounds {unknown}
 h - a potion of curing
 j - 2 potions of might {unknown}
 l - 2 potions of ambrosia {unknown}
 n - a potion of haste {unknown}
 w - a potion of cancellation {unknown}
Books
 c - a book of Geomancy

   Spells                             Type                      Level
   a - Sandblast                      Earth                        1
   b - Stoneskin                      Transmutation/Earth          2
   c - Passwall                       Transmutation/Earth          3
   d - Stone Arrow                    Conjuration/Earth            3
   e - Petrify                        Transmutation/Earth          4
   f - Lee's Rapid Deconstruction     Earth                        5
Comestibles
 d - 3 bread rations
 q - a meat ration
 r - a beef jerky


   Skills:
 - Level 1.5 Dodging
 - Level 2.1 Stealth
 * Level 4.4 Spellcasting
 + Level 1.9 Conjurations
 - Level 0.7 Transmutations
 + Level 5.1 Earth Magic


You had 7 spell levels left.
You knew the following spells:

 Your Spells              Type           Power        Failure   Level  Hunger
a - Sandblast             Erth           ###...       1%          1    None
b - Stone Arrow           Conj/Erth      ###...       12%         3    ###....
c - Stoneskin             Trmt/Erth      ##......     10%         2    ##.....


Dungeon Overview and Level Annotations

Branches:
Dungeon (4/15)
 Temple: D:4-7

Altars:

Annotations:
D:1 1


Innate Abilities, Weirdness & Mutations

You are resistant to torment.
Your stone body is resilient (AC +4).
You are immune to poison.
You resist negative energy.
You are resistant to electric shocks.
You can survive without breathing.
You are immune to petrification.
You are immune to rotting.


Message History

The blast of sand hits the ogre.
The ogre is severely wounded.
Casting: Sandblast
Confirm with . or Enter, or press ? or * to list all spells.
Aiming: Sandblast
Press: ? - help, Shift-Dir - straight line, f/p - ogre
Aim: an ogre, wielding a giant spiked club (severely wounded)
The blast of sand hits the ogre.
The ogre is severely wounded.
The ogre misses you.
Casting: Sandblast
Confirm with . or Enter, or press ? or * to list all spells.
Aiming: Sandblast
Press: ? - help, Shift-Dir - straight line, f/p - ogre
Aim: an ogre, wielding a giant spiked club (severely wounded)
The blast of sand hits the ogre.
The ogre is severely wounded.
The ogre hits you with a giant spiked club!!
Ouch! That really hurt!
You die...

#.#.......####....
#.#.#####.# ...
#.#.......# ..
#.....######## .
#####......##.. ....
#...#.#.##.##.# #...
#.#.#.#.##.##<# #...
#.#..O#.##.##.## #...
##+#..@#.##.....# #s..
.............##..# #...
.............##..####...
..............#.<.#.)....
##.........####..##.#####
#.........# #..........
..........# #...#.####.
.........## #...#...
......... .....#####


You could see an ogre.

Vanquished Creatures
  A scorpion (D:3)
  Ijyb (D:3)
  An orc wizard (D:3)
  A worker ant (D:4)
  3 adders
  An ooze (D:1)
  2 giant geckos
  5 orcs
  7 bats
  4 giant cockroaches
  8 hobgoblins
  2 jackals (D:1)
  7 kobolds
  A quokka (D:3)
  6 giant newts
  13 goblins
  7 rats
70 creatures vanquished.

Vanquished Creatures (others)
  An orc (D:3)
1 creature vanquished.

Grand Total: 71 creatures vanquished

Notes
Turn   | Place    | Note
--------------------------------------------------------------
     0 | D:1      | Moresty the Gargoyle Earth Elementalist began the quest for the Orb.
     0 | D:1      | Reached XP level 1. HP: 10/10 MP: 3/3
   396 | D:1      | Reached XP level 2. HP: 15/15 MP: 1/5
   542 | D:1      | Reached skill level 4 in Earth Magic
   795 | D:1      | Reached XP level 3. HP: 19/19 MP: 2/7
  1233 | D:2      | Learned a level 3 spell: Stone Arrow
  1245 | D:2      | Learned a level 2 spell: Stoneskin
  1714 | D:2      | Reached XP level 4. HP: 24/24 MP: 6/9
  2208 | D:3      | Noticed Ijyb
  2487 | D:3      | Killed Ijyb
  2487 | D:3      | Reached skill level 1 in Conjurations
  2860 | D:3      | Reached XP level 5. HP: 10/28 MP: 0/10
  3450 | D:3      | Reached skill level 5 in Earth Magic
  3450 | D:3      | Reached XP level 6. HP: 19/32 MP: 0/12
  3611 | D:4      | Noticed an ogre
  3635 | D:4      | Slain by an ogre

Action                   |  1- 3 |  4- 6 || total
-------------------------+-------+-------++-------
Melee: Unarmed           |    26 |       ||    26
       Whip              |    20 |    70 ||    90
 Cast: Sandblast         |    73 |   108 ||   181
       Stone Arrow       |     4 |       ||     4
  Use: Potion            |       |     2 ||     2
  Eat: Chunk             |     3 |     6 ||     9
